 Dungeon Crawl Stone Soup version 0.29-a0-994-gc5c9f59d18 (webtiles) character file.

Game seed: 15937425591598220315

35 coolguy69 the Cutter (level 3, 0/20 HPs)
             Began as a Vine Stalker Monk on Aug 3, 2022.
             Slain by Robin
             ... wielding a +0 falchion
              (2 damage)
             ... on level 2 of the Dungeon.
             The game lasted 00:00:56 (1136 turns).

coolguy69 the Cutter (Vine Stalker Monk)            Turns: 1136, Time: 00:00:57

Health: 0/20       AC:  3    Str: 15    XL:     3   Next: 33%
Magic:  0/4        EV: 13    Int: 10    God:
Gold:   41         SH:  0    Dex: 16    Spells: 2/2 levels left

rFire   . . .      SeeInvis .   a - +0 short sword
rCold   . . .      Faith    .   (no shield)
rNeg    . . .      Spirit   +   b - +0 robe
rPois   .          Reflect  .   (no helmet)
rElec   .          Harm     .   (no cloak)
rCorr   .          Rampage  .   g - +0 pair of gloves
Will    .....                   (no boots)
Stlth   ++........              (no amulet)
HPRegen 0.06/turn               (no ring)
MPRegen 0.09/turn               (no ring)

@: no status effects
A: fangs 2, magic shield, antimagic bite, no potion heal 2
a: no special abilities


You were on level 2 of the Dungeon.
You visited 1 branch of the dungeon, and saw 2 of its levels.

You collected 41 gold pieces.

Inventory:

Hand Weapons
 a - a +0 short sword (weapon)
Armour
 b - a +0 robe (worn)
 g - a +0 pair of gloves (worn)
Scrolls
 d - 2 scrolls of teleportation {unknown}
 e - a scroll of torment {unknown}
 h - a scroll of amnesia {unknown}
Potions
 c - a potion of ambrosia
 i - a potion of might {unknown}


   Skills:
 + Level 3.0 Fighting
 + Level 3.1 Short Blades
 + Level 2.7 Dodging
 + Level 2.8 Stealth


You had 2 spell levels left.
You didn't know any spells.
Your spell library was empty.

Dungeon Overview and Level Annotations

Branches:
Dungeon (2/15)

Altars:

Annotations:
D:2 Robin


Innate Abilities, Weirdness & Mutations

You have extremely sharp teeth.
When hurt, damage is shared between your health and your magic reserves.
Your bite disrupts and absorbs the magic of your enemies.
Potions cannot restore your health.


Message History

Robin is lightly wounded.
Robin roars a battlecry!
The goblins go into a battle-frenzy!
You hit Robin but do no damage.
Robin is lightly wounded.
The hobgoblin no longer looks unusually strong.
Robin hits you but does no damage.
You hit Robin but do no damage.
Robin is lightly wounded.
The hobgoblin no longer looks unusually strong.
Robin roars a battlecry!
The hobgoblins go into a battle-frenzy!
You hear a shout!
You hit Robin.
Robin is lightly wounded.
Robin hits you but does no damage.
You hit Robin.
Robin is moderately wounded.
Robin hits you but does no damage.
You hit Robin but do no damage. You punch Robin, but do no damage.
Robin is moderately wounded.
You barely miss Robin.
Robin is moderately wounded.
Robin hits you but does no damage.
You hit Robin but do no damage.
Robin is moderately wounded.
You feel less wooden.
Your +0 pair of gloves unmelds from your body.
Your +0 robe unmelds from your body.
Robin hits you with a +0 falchion.
* * * LOW HITPOINT WARNING * * *
You barely miss Robin.
Robin is moderately wounded.
Robin barely misses you.
You hit Robin.
Robin is moderately wounded.
Robin closely misses you.
You hit Robin but do no damage. You bite Robin, but do no damage.
Robin is moderately wounded.
Robin hits you with a +0 falchion.
You die...

#.##..# ##<#
##.###†###..#
#..# #..##.##
#.## #.....#
#.# #.##..#
#.# #.##..#
#.# #.##..#
#)# #.##..#
#@# #.##...
#g# #.###.##
#g# #.# #.#
#g####.#
#gg.##.# #
###>##.##..#


#gg..grg# ###ggg).$... #gggg..... You could see Robin, 3 hobgoblins and a goblin
(strong).

Vanquished Creatures
  3 endoplasms
  A giant cockroach (D:1)
  8 goblins
  6 hobgoblins
  2 ball pythons (D:1)
  2 bats (D:1)
  2 frilled lizards (D:1)
  2 kobolds (D:1)
  5 rats
31 creatures vanquished.

Notes
Turn   | Place    | Note
-------+----------+-------------------------------------------
     0 | D:1      | coolguy69 the Vine Stalker Monk began the quest for the
                  | Orb.
     0 | D:1      | Reached XP level 1. HP: 11/11 MP: 2/2
   472 | D:1      | Reached XP level 2. HP: 16/16 MP: 3/3
   728 | D:1      | Found a faded altar of an unknown god.
   974 | D:2      | Reached XP level 3. HP: 18/20 MP: 4/4
  1085 | D:2      | Noticed Robin
  1136 | D:2      | Slain by Robin

Illustrated notes

Levels and vault maps discovered:
D:1:      psy_arrival_radial02, layout_basic, hellmonk_ecumenical_altar_run_dry
D:2:      wad_lake_hut, layout_rooms, chequers_garden, grunt_ministairs_12,
          uniq_robin

Skill      XL: |  1  2 |
---------------+-------+-----
Fighting       | 3 |  3.0
Short Blades   | 3 |  3.1
Dodging        | |  2.7
Stealth        | |  2.8

Action                   || total
-------------------------++-------
Melee: Short sword       ||   101
       Bite              ||    18
       Punch             ||     4
  Use: Potion            ||     1
 Stab: Sleeping          ||     5
Armor: Robe              ||    17
       Skin              ||    26
Dodge: Dodged            ||    68

Table legend: (Time is in decaauts)
 A = Elapsed time spent in this place.
 B = Non-inter-level travel time spent in this place.
 C = Inter-level travel time spent in this place.
 D = Time resting spent in this place.
 E = Time spent auto-exploring this place.
 F = Levels seen in this place.
 G = Mean time per level.
                   A        B        C        D        E       F      G
               +--------+--------+--------+--------+--------+-----+--------+
         Total |   1138 |   1121 |     17 |    235 |    674 |   2 |  569.0 |
       Dungeon |   1138 |   1121 |     17 |    235 |    674 |   2 |  569.0 |
               +--------+--------+--------+--------+--------+-----+--------+

Top non-repeatable levels by time:
     D:1: 964 daAuts
     D:2: 173 daAuts
